 Dungeon Crawl Stone Soup version 0.22-a0-803-gd6d8abeff0 (webtiles) character file.

39 Holzbalken the Ruffian (level 3, -1/31 HPs)
             Began as a Ghoul Monk on July 22, 2018.
             Was a Believer of Ashenzari.
             Slain by a gnoll
             ... wielding a +0 halberd
              (9 damage)
             ... on level 2 of the Dungeon.
             The game lasted 00:04:35 (1158 turns).

Holzbalken the Ruffian (Ghoul Monk)                 Turns: 1158, Time: 00:04:37

Health: -1/31      AC:  6    Str: 15    XL:     3   Next: 47%
Magic:  2/2        EV:  9    Int:  5    God:    Ashenzari [**....]
Gold:   71         SH:  4    Dex: 11    Spells: 2/2 levels left

rFire    . . .     SeeInvis .     - Unarmed
rCold    + + .     Gourm    .   g - +1 buckler {rC+} (curse)
rNeg     + + +     Faith    .   d - +0 scale mail
rPois    ∞         Spirit   .   (no helmet)
rElec    .         Reflect  .   (no cloak)
rCorr    .         Harm     .   (no gloves)
MR       .....                  (no boots)
Stlth    ..........             (no amulet)
HPRegen  0.00/turn              (no ring)
MPRegen  0.08/turn              (no ring)

@: rotting
A: rotting body, claws 1, carnivore, cold resistance 1, negative energy
resistance 3, inhibited regeneration, torment resistance, unbreathing
a: Curse Item, Scrying, Renounce Religion


You were on level 2 of the Dungeon.
You worshipped Ashenzari.
Ashenzari was pleased with you.
You were not hungry.

You visited 1 branch of the dungeon, and saw 2 of its levels.

You collected 71 gold pieces.

Inventory:

Armour
 a - a +0 robe
 d - a +0 scale mail (worn)
 g - a cursed +1 buckler of cold resistance (worn)
Scrolls
 c - a scroll of magic mapping {unknown}
 f - 3 scrolls of identify {unknown}
 j - a scroll of immolation {unknown}
 k - a scroll of random uselessness {unknown}
Potions
 h - a potion of resistance {unknown}
 i - a potion of heal wounds {unknown}
Comestibles
 b - 4 rations


   Skills:
 - Level 3.2 Fighting
 - Level 2.6 Dodging
 - Level 2.1 Stealth
 + Level 4.9 Unarmed Combat


You had 2 spell levels left.
You didn't know any spells.
Your spell library was empty.

Dungeon Overview and Level Annotations

Branches:
Dungeon (2/15)

Altars:
Ashenzari


Innate Abilities, Weirdness & Mutations

Your body is rotting away.
You thrive on raw meat.
You are immune to poison.
You have sharp fingernails.
You are carnivorous and can eat meat at any time.
Your flesh is cold resistant. (rC+)
You are immune to negative energy. (rN+++)
You do not regenerate when monsters are visible.
You are immune to unholy pain and torment.
You can survive without breathing.


Message History

You are too injured to fight recklessly!
You are too injured to fight recklessly!
You are too injured to fight recklessly!
You are too injured to fight recklessly!
You closely miss the gnoll.
The gnoll is moderately wounded.
The gnoll barely misses you. The gnoll hits you with a whip.
* * * LOW HITPOINT WARNING * * *
The gnoll hits you with a halberd.
* * * LOW HITPOINT WARNING * * *
You barely miss the gnoll.
The gnoll is moderately wounded.
The gnoll closely misses you. x2
You scratch the gnoll but do no damage.
The gnoll is moderately wounded.
The gnoll closely misses you.
The leopard gecko hisses menacingly.
The gnoll hits you but does no damage.
The gnoll hits you from afar with a halberd!
You die...

#..# #..#.##
#..#.. #.l..#
gg#.# #gg.# #gg#
#.####@.##
#........#######
######..........
......
##..######..
..... #...#
##.... #.#.#
#.....
#######.#..#
#.....
#.......##...#
###.....
###.#####.##...#.
........


You could see 4 gnolls, a leopard gecko and 2 goblins.

Vanquished Creatures
  4 dart slugs (D:1)
  4 giant cockroaches
  7 goblins (D:1)
  6 bats (D:1)
  A frilled lizard (D:1)
  5 kobolds (D:1)
  3 rats (D:1)
30 creatures vanquished.

Notes
Turn   | Place    | Note
-------+----------+-------------------------------------------
     0 | D:1      | Holzbalken the Ghoul Monk began the quest for the Orb.
     0 | D:1      | Reached XP level 1. HP: 19/19 MP: 0/0
    93 | D:1      | Reached XP level 2. HP: 19/26 MP: 1/1
   101 | D:1      | Reached skill level 4 in Unarmed Combat
   467 | D:1      | Reached XP level 3. HP: 31/31 MP: 2/2
  1109 | D:2      | Found a shattered altar of Ashenzari.
  1123 | D:2      | Became a worshipper of Ashenzari the Shackled
  1123 | D:2      | Reached * piety under Ashenzari
  1123 | D:2      | Reached ** piety under Ashenzari
  1158 | D:2      | Slain by a gnoll

Vault maps used:
D:1:      dpeg_arrival_arbitrary_a, minivault_19
D:2:      old_standard_altar, lemuel_coloured_pillars_altar

Skill      XL: |  1  2 |
---------------+-------+-----
Unarmed Combat | 4 |  4.9
Fighting       | |  3.2
Dodging        | |  2.6
Stealth        | |  2.1

Action                   || total
-------------------------++-------
Melee: Unarmed           ||    86
       Punch             ||     1
Invok: Curse Item        ||     1
  Eat: Chunk             ||     4
Armor: Scale mail        ||    35
       Robe              ||     1
Dodge: Dodged            ||    53
Block: Buckler           ||     7

Table legend:
 A = Spawn XP
 B = Non-spawn XP
 C = Spawn XP percentage of total XP
 D = Spawn monster count
 E = Non-spawn monster count
 F = Spawn count percentage of total count
 G = Total turns spent on level
                    A         B        C        D         E        F      G
               +---------+---------+-------+---------+---------+-------+---------
         Total |       0 |      57 |   0.0 |       0 |      30 |   0.0 |  1158
               +---------+---------+-------+---------+---------+-------+---------
           D:1 |       0 |      55 |   0.0 |       0 |      29 |   0.0 |  1085
           D:2 |       0 |       2 |   0.0 |       0 |       1 |   0.0 |    73
               +---------+---------+-------+---------+---------+-------+---------
